 Dungeon Crawl Stone Soup version 0.24-a0-48-g0ecae65 (webtiles) character file.

Game seed: 13270142624538622311

2609 Geeful the Nimble (level 9, -7/51 HPs)
             Began as an Octopode Conjurer on Feb 3, 2019.
             Mangled by a two-headed ogre
             ... wielding a +0 giant club
              (18 damage)
             ... on level 8 of the Dungeon.
             The game lasted 00:46:10 (10465 turns).

Geeful the Nimble (Octopode Conjurer)              Turns: 10465, Time: 00:46:11

Health: -7/51      AC:  8    Str:  8    XL:     9   Next: 59%
Magic:  10/20      EV: 17    Int: 20    God:
Gold:   46         SH:  5    Dex: 12    Spells: 12/23 levels left

rFire    + . .     SeeInvis .   p - +2 dagger (protect)
rCold    . . .     Gourm    .   t - +0 buckler
rNeg     . . .     Faith    .   (helmet restricted)
rPois    +         Spirit   .   (no amulet)
rElec    .         Reflect  .   c - ring of protection from fire
rCorr    .         Harm     .   (no ring)
MR       .....                  n - ring of poison resistance
Stlth    ++++......             (no ring)
HPRegen  0.17/turn              (no ring)
MPRegen  0.17/turn              (no ring)
                                (no ring)
                                (no ring)

@: lethally poisoned (-7 -> -10), protection aura, very slightly contaminated
A: almost no armour, stealthy swim, amphibious, 8 rings, constrict 8, camouflage
1, gelatinous body 1
a: no special abilities


You were on level 8 of the Dungeon.
You were very hungry.

You visited 2 branches of the dungeon, and saw 11 of its levels.

You collected 429 gold pieces.
You spent 383 gold pieces at shops.

Inventory:

Hand Weapons
 e - the +7 quarterstaff "Qeralikeyx" {crush, rElec Dex+2}
   (You found it on level 5 of the Dungeon)

   It inflicts extra damage upon your enemies.
   It affects your dexterity (+2).
   It insulates you from electricity.
 k - a +0 short sword of venom
 p - a +2 dagger of protection (weapon)
 v - a +2 dagger of venom
Missiles
 i - a throwing net (quivered)
Armour
 t - a +0 buckler (worn)
Jewellery
 c - a ring of protection from fire (left tentacle)
 n - a ring of poison resistance (on tentacle)
 o - an uncursed ring of ice
Wands
 f - a wand of digging (3)
 y - a wand of enslavement (5)
 z - a wand of disintegration (14)
Scrolls
 d - 5 scrolls of remove curse
 m - a scroll of magic mapping
 s - a scroll of enchant armour
 u - 4 scrolls of identify
Potions
 a - a potion of berserk rage {unknown}
 g - a potion of flight
 h - a potion of brilliance
 j - a potion of resistance
 l - a potion of heal wounds {unknown}
 q - 3 potions of mutation {unknown}
 r - 2 potions of cancellation {unknown}
 w - 2 potions of ambrosia {unknown}
Comestibles
 b - 21 rations
 x - a chunk of flesh


   Skills:
 + Level 8.3 Dodging
 - Level 4.6 Stealth
 - Level 4.0 Shields
 + Level 7.6 Spellcasting
 - Level 4.8 Conjurations


You had 12 spell levels left.
You knew the following spells:

 Your Spells              Type           Power        Failure   Level  Hunger
a - Magic Dart            Conj           ####         1%          1    None
b - Searing Ray           Conj           ####..       1%          2    None
c - Dazzling Spray        Conj/Hex       ###...       10%         3    None
d - Apportation           Tloc           #.....       9%          1    None
e - Confusing Touch       Hex            #.....       9%          1    None
f - Mephitic Cloud        Conj/Pois/Air  ##......     14%         3    None

Your spell library contained the following spells:

 Spells                   Type           Power        Failure   Level  Hunger
 Animate Skeleton         Necr           N/A          9%          1    None
 Beastly Appendage        Tmut           #.....       9%          1    None
 Summon Small Mammal      Summ           #...         9%          1    None
 Conjure Flame            Conj/Fire      ###.....     10%         3    None
 Iskenderun's Mystic Bla  Conj           ####....     12%         4    ###....
 Blink                    Tloc           N/A          14%         2    None
 Call Imp                 Summ           #.......     14%         2    None
 Slow                     Hex            #.......     14%         2    None
 Sticks to Snakes         Tmut           #.......     14%         2    None
 Spider Form              Tmut/Pois      #.........   26%         3    None
 Force Lance              Conj/Tloc      ###.....     32%         4    ###....
 Fulminant Prism          Conj/Hex       ###.......   32%         4    ###....
 Ice Form                 Ice/Tmut       #.......     65%         4    ###....
 Blade Hands              Tmut           #.........   94%         5    #####..


Dungeon Overview and Level Annotations

Branches:
Dungeon (10/15)            Temple (1/1) D:7            Lair (0/6) D:8
    Orc: D:9-12

Altars:
Ashenzari
Cheibriados
Dithmenos
Elyvilon
Fedhas
Gozag
Hepliaklqana
Kikubaaqudgha
Okawaru
Qazlal
Ru
Sif Muna
Trog
Uskayaw
Vehumet
Wu Jian
Xom
Yredelemnul
Zin
The Shining One

Shops:
D:4 =[%

Annotations:
D:5 3 runed translucent doors, David's ghost, novice HuHu; Toan's ghost, novice OgFE; trouncer's ghost, novice MfTm


Innate Abilities, Weirdness & Mutations

You cannot wear most types of armour.
You are very stealthy in the water. (Stealth+)
You are amphibious.
You can wear up to eight rings at the same time.
You can use your tentacles to constrict eight enemies at once.
Your skin changes colour to match your surroundings (Stealth+).
Your rubbery body absorbs attacks. (AC +1, EV +1)


Message History

You feel a bit tired.
You feel sick. The killer bee barely misses you.
You block the killer bee's attack.
You barely miss the killer bee. Your grab misses the killer bee.
The killer bee is almost dead.
You block the killer bee's attack. The killer bee stings you.
* * * LOW HITPOINT WARNING * * *
Casting: Dazzling Spray (safe; 10% risk of failure)
Confirm with . or Enter, or press ? or * to list all spells.
Aiming: Dazzling Spray (safe; 10% risk of failure)
Press: ? - help, Shift-Dir - straight line, f/p - killer bee
Aim: a killer bee (almost dead)
The spray of energy hits the killer bee!
You kill the killer bee!
You feel sick.
You hit the two-headed ogre.
Your weapon exudes an aura of protection.
The two-headed ogre is almost dead.
The two-headed ogre looks more healthy.
The two-headed ogre hits you with a +0 giant club!!
You die...

########......#### #......#.
#......>...#### ######.###.##.
............## #......# #....
.............# #.....####..#P
....(.(......# #....##....#P.
.............# ###.......#..P♣.
.............# #.......###.Y...
.............#####.#..........†..
................@O........###....
#............#####.#....### ..$P.
#########.#### #....#### ......
##.# #..### #..P... #..#
##..##### #.....P #..# #.......##
#...P.. ##(# ###........###....♣.
#.####...........#
##..##............#


You could see a two-headed ogre.

Vanquished Creatures
  A yak (D:10)
  Eustachio (D:5)
  Edmund (D:5)
  A porcupine (D:8)
  A black bear (D:7)
  An ice beast (D:7)
  An orc warrior (D:7)
  2 ogres
  A centaur (D:6)
  2 big kobolds (D:7)
  A bullfrog (D:7)
  A gnoll sergeant (D:8)
  2 scorpions (D:6)
  A killer bee (D:8)
  2 howler monkeys
  A crimson imp (D:7)
  2 jellies
  A bullfrog skeleton (D:7)
  2 centaur skeletons
  An orc priest (D:5)
  3 hounds
  2 iguanas
  6 worker ants
  3 orc wizards
  Robin (D:4)
  7 gnolls
  A howler monkey skeleton (D:7)
  13 adders
  3 shadow imps
  An adder zombie (D:6)
  5 worms
  3 dart slugs
  2 leopard geckos
  22 orcs
  2 ball pythons
  8 giant cockroaches
  17 goblins
  10 hobgoblins
  9 jackals
  16 kobolds
  2 quokkas (D:7)
  3 bats (D:2)
  4 frilled lizards
  A leopard gecko skeleton (D:5)
  7 rats
177 creatures vanquished.

Vanquished Creatures (collateral kills)
  A basilisk (D:8)
  A crocodile (D:8)
  A scorpion (D:8)
3 creatures vanquished.

Vanquished Creatures (others)
  A quokka (D:6)
1 creature vanquished.

Grand Total: 181 creatures vanquished

Notes
Turn   | Place    | Note
-------+----------+-------------------------------------------
     0 | D:1      | Geeful the Octopode Conjurer began the quest for the Orb.
     0 | D:1      | Reached XP level 1. HP: 11/11 MP: 3/3
   652 | D:1      | Reached XP level 2. HP: 14/17 MP: 5/5
   656 | D:1      | Learned a level 2 spell: Searing Ray
  1079 | D:2      | Reached XP level 3. HP: 11/21 MP: 6/6
  1818 | D:2      | Found an ancient bone altar of Kikubaaqudgha.
  1901 | D:2      | Reached XP level 4. HP: 27/27 MP: 0/7
  2029 | D:2      | Found a shadowy altar of Dithmenos.
  2218 | D:3      | Learned a level 3 spell: Dazzling Spray
  2252 | D:3      | Found a hazy altar of Hepliaklqana.
  2275 | D:3      | Found a shadowy altar of Dithmenos.
  2694 | D:3      | Reached skill level 3 in Dodging
  2769 | D:3      | You fall through a shaft!
  2769 | D:4      | Found Podal's Food Emporium.
  2820 | D:4      | Reached XP level 5. HP: 31/31 MP: 9/9
  2901 | D:5      | Entered Level 5 of the Dungeon
  2901 | D:5      | Noticed Edmund
  3165 | D:4      | Noticed Robin
  3196 | D:4      | Killed Robin
  3318 | D:4      | Found Voommut's Jewellery Shop.
  3540 | D:4      | Found Zyehiuq's Antique Armour Emporium.
  3546 | D:4      | Bought a buckler for 103 gold pieces
  3747 | D:4      | Found a bloodstained altar of Trog.
  3836 | D:5      | Noticed Eustachio
  3842 | D:4      | Learned a level 1 spell: Apportation
  3881 | D:5      | Got a bone quarterstaff
  3891 | D:4      | Identified the +7 quarterstaff "Qeralikeyx" {crush, rElec
                  | Dex+2} (You found it on level 5 of the Dungeon)
  3928 | D:5      | Killed Eustachio
  3928 | D:5      | Reached XP level 6. HP: 25/36 MP: 2/10
  4163 | D:5      | Reached XP level 7. HP: 16/41 MP: 9/11
  4388 | D:5      | Found a runed translucent gate.
  4388 | D:5      | Found a runed translucent gate.
  4388 | D:5      | Found a runed translucent gate.
  4658 | D:5      | Learned a level 1 spell: Confusing Touch
  4684 | D:5      | Found an ornate altar of the Wu Jian Council.
  4791 | D:5      | Noticed trouncer's ghost (novice MfTm)
  4792 | D:5      | Noticed Toan's ghost (novice OgFE)
  4792 | D:5      | Noticed David's ghost (novice HuHu)
  5325 | D:5      | Killed Edmund
  5325 | D:5      | Reached skill level 4 in Dodging
  5993 | D:6      | Reached skill level 5 in Dodging
  5993 | D:6      | Reached XP level 8. HP: 35/46 MP: 8/15
  6251 | D:6      | Learned a level 3 spell: Mephitic Cloud
  6355 | D:6      | Found a white marble altar of Elyvilon.
  6378 | D:6      | Reached skill level 5 in Spellcasting
  6463 | D:6      | Found a basalt altar of Yredelemnul.
  6827 | D:7      | Reached skill level 6 in Dodging
  7617 | D:7      | Noticed a yak
  7617 | D:7      | Noticed a yak
  8005 | D:7      | Reached XP level 9. HP: 43/51 MP: 18/18
  8126 | D:7      | Found a staircase to the Ecumenical Temple.
  8137 | D:7      | Reached skill level 7 in Dodging
  8168 | Temple   | Entered the Ecumenical Temple
  9430 | D:8      | You fall through a shaft for 2 floors!
  9430 | D:10     | Entered Level 10 of the Dungeon
  9580 | D:10     | Noticed a troll
  9623 | D:10     | Found the +2 cloak of the Thief {+Fog Slay-2 SInv Stlth+}
  9880 | D:8      | Noticed a two-headed ogre
  9960 | D:4      | Bought an uncursed ring of poison resistance for 280 gold
                  | pieces
 10080 | D:8      | Reached skill level 8 in Dodging
 10443 | D:8      | Found a staircase to the Lair.
 10465 | D:8      | Mangled by a two-headed ogre

Vault maps used:
D:1:      evilmike_arrival_run_for_it
D:2:      nicolae_overflow_crystal_walls,
          nicolae_dithmenos_through_a_glass_darkly
D:3:      nicolae_overflow_hidden_temple, overflow_temple_1_default
D:4:      kennysheep_mini, serial_shops,
          nicolae_shop_competitors_out_of_business, shop_statue,
          nicolae_shop_temple_entry_statues_fountains, first_ration,
          minmay_misc_feat_nine_boxes, uniq_robin
D:5:      gammafunk_ghost_cemetery, basic_altar, uniq_edmund, uniq_eustachio
D:6:      marbit_many_paths, elyvilon_altar_4, minmay_misc_feat_columns
D:7:      minmay_temple_entry_nine_rooms, grunt_livestock
D:8:      kennysheep_mini_moat, minmay_lair_entry_grove, uniq_prince_ribbit1
D:9:      lemuel_crystal_altar, gammafunk_ghost_hydra_chop, chequers_big_river,
          minmay_fractal_squares_5, uniq_psyche
D:10:     ploomutoo_gammafunk_ghost_potion_laboratory, small_statue_alley_b
Temple:   eino_narrow_crystal_temple

Skill      XL: |  1  2  3  4  5  6  7  8  9 |
---------------+----------------------------+-----
Stealth        | 3 4 |  4.6
Dodging        | 3 5 6 8 |  8.3
Spellcasting   | 3 4 6 7 |  7.6
Shields        | 3 4 |  4.0
Conjurations   | |  4.8

Action                   |  1- 3 |  4- 6 |  7- 9 || total
-------------------------+-------+-------+-------++-------
Melee: Unarmed           |    40 |       |       ||    40
       Constrict         |    17 |    18 |    62 ||    97
       Tentacles         |    14 |    13 |    58 ||    85
       Dagger            |    31 |    74 |   302 ||   407
       Quarterstaff      |       |     8 |       ||     8
Throw: Stone             |    10 |       |       ||    10
 Cast: Magic Dart        |     9 |       |     1 ||    10
       Searing Ray       |     5 |    15 |    24 ||    44
       Apportation       |       |     4 |     3 ||     7
       Confusing Touch   |       |       |     3 ||     3
       Dazzling Spray    |       |       |    28 ||    28
Evoke: Wand              |       |       |     1 ||     1
  Use: Potion            |     1 |     4 |     5 ||    10
       Scroll            |       |    10 |     2 ||    12
 Stab: Sleeping          |     7 |    14 |     9 ||    30
       Distracted        |       |     1 |       ||     1
       Confused          |       |       |     1 ||     1
       Invisible         |       |       |     4 ||     4
  Eat: Chunk             |     3 |     8 |    13 ||    24
       Ration            |       |       |     2 ||     2
Armor: Skin              |     5 |    12 |    40 ||    57
Dodge: Dodged            |    30 |    56 |   236 ||   322
Block: Buckler           |       |       |    78 ||    78

Table legend:
 A = Non-vault XP
 B = Vault XP
 C = Vault XP percentage of total XP
 D = Non-vault monster count
 E = Vault monster count
 F = Vault count percentage of total count
                 A         B        C        D         E       F
            +---------+---------+-------+---------+---------+-------
      Total |    2917 |     811 |  21.8 |     158 |      22 |  12.2
            +---------+---------+-------+---------+---------+-------
        D:1 |      10 |       5 |  33.3 |       7 |       1 |  12.5
        D:2 |      87 |       0 |   0.0 |      30 |       0 |   0.0
        D:3 |      46 |       0 |   0.0 |      19 |       0 |   0.0
        D:4 |     111 |      37 |  25.0 |      10 |      13 |  56.5
        D:5 |     220 |     359 |  62.0 |      12 |       2 |  14.3
        D:6 |     611 |      13 |   2.1 |      22 |       1 |   4.3
        D:7 |    1295 |       0 |   0.0 |      41 |       0 |   0.0
        D:8 |     210 |     397 |  65.4 |      12 |       5 |  29.4
        D:9 |     125 |       0 |   0.0 |       4 |       0 |   0.0
       D:10 |     202 |       0 |   0.0 |       1 |       0 |   0.0
            +---------+---------+-------+---------+---------+-------
